 Dungeon Crawl Stone Soup version 0.30-a0-840-ga523dec638 (webtiles) character file.

Game seed: 16623366390978023351

1136 cforsyth the Covert (level 8, -1/50 HPs)
             Began as a Kobold Brigand on Mar 2, 2023.
             Slain by Maggie
             ... wielding a +2 glaive of flaming
              (5 damage)
             ... on level 6 of the Dungeon.
             The game lasted 00:07:50 (6016 turns).

cforsyth the Covert (Kobold Brigand)                Turns: 6016, Time: 00:07:50

Health: -1/50      AC:  6    Str:  8    XL:     8   Next: 63%
Magic:  8/8        EV: 20    Int:  9    God:
Gold:   306        SH:  5    Dex: 28    Spells: 7/7 levels left

rFire   . . .      SeeInvis .    a - +2 dagger
rCold   + + .      Faith    .    (no shield)
rNeg    + . .      Spirit   .    b - +0 robe
rPois   .          Reflect  +    (no helmet)
rElec   +          Harm     .    c - +0 cloak
rCorr   .          Rampage  .    x - +2 pair of gloves
Will    .....                    (no boots)
Stlth   ++++++                   g - amulet of reflection
HPRegen 0.28/turn                h - ring "Nythy" {rElec rC++ rN+ Int-3 Dex+3}
MPRegen 0.11/turn                v - +6 ring of dexterity

@: mesmerised
A: small, no large weapons, nightstalker 3
a: no special abilities


You were on level 6 of the Dungeon.
You visited 1 branch of the dungeon, and saw 6 of its levels.

You collected 306 gold pieces.

Inventory:

Hand Weapons
 a - a +2 dagger (weapon)
Missiles
 d - 19 poisoned darts (quivered)
 e - 3 curare-tipped darts
 p - a throwing net
Armour
 b - a +0 robe (worn)
 c - a +0 cloak (worn)
 x - a +2 pair of gloves (worn)
Jewellery
 g - an amulet of reflection (around neck)
 h - the ring "Nythy" (left hand) {rElec rC++ rN+ Int-3 Dex+3}
   (You acquired it on level 6 of the Dungeon)

   [ring of positive energy]

   Int:       It affects your intelligence (-3).
   Dex:       It affects your dexterity (+3).
   rC:        It greatly protects you from cold.
   rElec:     It insulates you from electricity.
   rN:        It protects you from negative energy.
 n - a ring of willpower
 u - a ring of resist corrosion
 v - a +6 ring of dexterity (right hand)
Wands
 B - a wand of quicksilver (12)
Scrolls
 f - 2 scrolls of blinking
 i - 4 scrolls of teleportation
 j - a scroll of immolation
 k - a scroll of identify
 q - 2 scrolls of enchant armour
 s - a scroll of torment {unknown}
 t - a scroll of enchant weapon {unknown}
 y - a scroll of poison {unknown}
Potions
 l - a potion of attraction
 m - a potion of magic
 o - a potion of mutation {unknown}
 r - 2 potions of might
 w - a potion of flight {unknown}
 z - a potion of degeneration {unknown}
 A - a potion of curing {unknown}


   Skills:
 + Level 5.6 Fighting
 + Level 6.7 Short Blades
 - Level 2.1 Throwing
 + Level 5.8 Dodging
 + Level 8.7 Stealth


You had 7 spell levels left.
You didn't know any spells.
Your spell library contained the following spells:

 Spells                   Type           Power      Damage    Failure   Level
 Magic Dart               Conj           0%         1d3       38%         1
 Blink                    Tloc           0%         N/A       52%         2
 Call Imp                 Summ           0%         N/A       52%         2
 Ensorcelled Hibernation  Hex/Ice        0%         N/A       52%         2
 Lesser Beckoning         Tloc           0%         N/A       52%         2
 Momentum Strike          Conj/Tloc      0%         3d8       52%         2
 Sublimation of Blood     Necr           0%         N/A       52%         2
 Wereblood                Tmut           0%         N/A       52%         2
 Mephitic Cloud           Conj/Pois/Air  0%         N/A       77%         3
 Spider Form              Tmut/Pois      0%         N/A       77%         3
 Anguish                  Hex/Necr       0%         N/A       99%         4
 Summon Hydra             Summ           0%         N/A       100%        7


Dungeon Overview and Level Annotations

Branches:
Dungeon (6/15)
 Temple: D:4-7

Altars:
Cheibriados
Elyvilon
Kikubaaqudgha
Zin
The Shining One

Shops:
D:4 :

Annotations:
D:2 1 runed translucent door, Crazy Yiuf
D:6 Maggie


Innate Abilities, Weirdness & Mutations

You are small and have problems with some larger weapons.
You are completely attuned to the shadows.


Message History

You hit Maggie but do no damage.
Maggie is lightly wounded.
Maggie hits you with a +2 glaive of flaming.
Maggie burns you.
You hit Maggie but do no damage.
Maggie is lightly wounded.
You hit Maggie but do no damage.
Maggie is lightly wounded.
Maggie casts a spell.
Maggie attempts to bespell you!
You are mesmerised by Maggie!
You hit Maggie.
Maggie is moderately wounded.
You block Maggie's attack.
You barely miss Maggie.
Maggie is moderately wounded.
You hit Maggie but do no damage.
Maggie is moderately wounded.
Maggie barely misses you.
You hit Maggie.
Maggie is moderately wounded.
Maggie hits you with a +2 glaive of flaming!
Maggie burns you.
* * * LOW HITPOINT WARNING * * *
You are too injured to fight recklessly!
You are too injured to fight recklessly!
You are too injured to fight recklessly!
You are too injured to fight recklessly!
You are too injured to fight recklessly!
You hit Maggie but do no damage.
Maggie is moderately wounded.
You hit Maggie.
Maggie is moderately wounded.
You block Maggie's attack.
You hit Maggie but do no damage.
Maggie is moderately wounded.
Maggie hits you with a +2 glaive of flaming!
* * * LOW HITPOINT WARNING * * *
Maggie burns you.
You die...

......# *,,*,*,,* .#.##.#
*,**,**,* .#.##.#
*,*,,,*,** ...##.#
*,*,_,*,,* .####.#
*.#,,,*,,* .####.#
*.##,**,,* ......#
##..#,*,,,* ....###
#.@.#,*,,,* ###.#
#@#,*,*,,**
#.#.############.#.#+*,,*
.........##..........,,,*
.....###.##.####.#...,*,*
#.#..# #.##.# #.....,,,*
.....# #....# ####.#****
#.#..# ######### *,*
.....# #†......# *,***
.....# #.......# *,,,*


You could see Maggie (mesmerising).

Vanquished Creatures
  An ice beast (D:6)
  An ogre (D:6)
  2 centaurs
  A phantom (D:5)
  A bullfrog (D:6)
  2 scorpions
  3 wights
  A howler monkey (D:5)
  2 orc priests
  2 orc wizards
  An iguana (D:6)
  3 gnolls
  6 adders
  A shadow imp (D:6)
  2 white imps
  An ufetubus (D:4)
  4 worms
  6 dart slugs
  16 orcs
  3 endoplasms
  A giant cockroach (D:2)
  7 goblins
  9 hobgoblins
  3 jackals (D:3)
  4 kobolds
  5 quokkas
  4 ball pythons
  4 bats
  4 frilled lizards
  4 rats
104 creatures vanquished.

Notes
Turn   | Place    | Note
-------+----------+-------------------------------------------
     0 | D:1      | cforsyth the Kobold Brigand began the quest for the Orb.
     0 | D:1      | Reached XP level 1. HP: 12/12 MP: 1/1
   123 | D:1      | Reached XP level 2. HP: 11/18 MP: 2/2
   663 | D:1      | Found a faded altar of an unknown god.
   891 | D:2      | Reached XP level 3. HP: 21/22 MP: 3/3
  1121 | D:2      | Reached XP level 4. HP: 27/27 MP: 4/4
  1196 | D:2      | Reached skill level 6 in Stealth
  1325 | D:2      | Found a runed translucent door.
  1328 | D:2      | Noticed Crazy Yiuf
  1835 | D:3      | Reached XP level 5. HP: 32/32 MP: 5/5
  2587 | D:4      | Found Ruafret's Book Boutique.
  3044 | D:4      | Found an ancient bone altar of Kikubaaqudgha.
  3310 | D:4      | Reached XP level 6. HP: 17/37 MP: 6/6
  3442 | D:5      | Entered Level 5 of the Dungeon
  4050 | D:5      | Reached skill level 5 in Short Blades
  4050 | D:5      | Reached skill level 7 in Stealth
  4684 | D:5      | Reached XP level 7. HP: 3/43 MP: 7/7
  4979 | D:5      | Found a white marble altar of Elyvilon.
  4979 | D:5      | Found a glowing golden altar of the Shining One.
  4980 | D:5      | Found a glowing silver altar of Zin.
  5182 | D:5      | Found a snail-covered altar of Cheibriados.
  5586 | D:6      | Identified a scroll of acquirement
  5586 | D:6      | Acquired the ring "Nythy" {rElec rC++ rN+ Int-3 Dex+3}
  5657 | D:6      | Reached skill level 5 in Dodging
  5657 | D:6      | Reached XP level 8. HP: 48/48 MP: 8/8
  5712 | D:6      | Reached skill level 5 in Fighting
  5712 | D:6      | Reached skill level 8 in Stealth
  5997 | D:6      | Noticed Maggie
  6016 | D:6      | Slain by Maggie

Illustrated notes

Levels and vault maps discovered:
D:1:      co_arrival_square_in_a_square_in_a_square, layout_loops_cross,
          shapermc_ecumenical_altar_mp_vishouse, amcnicky_mini_corridor_feature,
          grunt_decor_junction
D:2:      layout_basic, uniq_crazy_yiuf_cottage
D:3:      layout_basic
D:4:      layout_rooms, lemuel_crystal_altar, serial_shops,
          nicolae_shop_advertising_works [nicolae_subvault_shop_adworks],
          minmay_misc_feat_doors
D:5:      layout_loops_ring, good_gods_temple_1, lemuel_round_altar,
          kennysheep_boxes
D:6:      layout_loops_cross, mainiacjoe_overflow_surrounded_room, uniq_grinder,
          uniq_maggie

Skill      XL: |  1  2  3  4  5  6  7  8 |
---------------+-------------------------+-----
Short Blades   | 3 4 5 6 |  6.7
Dodging        | 2 3 4 5 |  5.8
Fighting       | 3 4 5 |  5.6
Stealth        | 6 7 8 |  8.7
Throwing       | |  2.1

Action                     |  1- 3 |  4- 6 |  7- 9 || total
---------------------------+-------+-------+-------++-------
  Melee: Dagger            |    61 |   317 |   141 ||   519
         Punch             |     1 |     4 |     6 ||    11
    Use: Scroll            |     1 |       |     8 ||     9
         Potion            |       |     4 |       ||     4
   Stab: Sleeping          |    13 |    15 |    10 ||    38
         Distracted        |       |       |     1 ||     1
 Armour: Robe              |     3 |    31 |    17 ||    51
  Dodge: Dodged            |    37 |   173 |    48 ||   258
  Block: Other             |       |    24 |    16 ||    40
         Reflection        |       |     1 |       ||     1

Table legend: (Time is in decaauts)
 A = Elapsed time spent in this place.
 B = Non-inter-level travel time spent in this place.
 C = Inter-level travel time spent in this place.
 D = Time resting spent in this place.
 E = Time spent auto-exploring this place.
 F = Levels seen in this place.
 G = Mean time per level.
                   A        B        C        D        E       F      G
               +--------+--------+--------+--------+--------+-----+--------+
         Total |   5903 |   5774 |    129 |   1315 |   3511 |   6 |  983.8 |
       Dungeon |   5903 |   5774 |    129 |   1315 |   3511 |   6 |  983.8 |
               +--------+--------+--------+--------+--------+-----+--------+

Top non-repeatable levels by time:
     D:3: 1486 daAuts
     D:4: 1449 daAuts
     D:5: 1169 daAuts
     D:1: 875 daAuts
     D:2: 505 daAuts
     D:6: 416 daAuts
